 Dungeon Crawl Stone Soup version 0.28-b1-1-g3c77fb2ed1 (webtiles) character file.

Game seed: 6978022470611522454

25 styxcanada the Sneak (level 2, 0/14 HPs)
             Began as a Spriggan Brigand on Jan 28, 2022.
             Slain by a jackal (1 damage)
             ... on level 1 of the Dungeon.
             The game lasted 00:01:34 (419 turns).

styxcanada the Sneak (Spriggan Brigand)              Turns: 419, Time: 00:01:35

Health: 0/14       AC:  3    Str:  7    XL:     2   Next: 82%
Magic:  3/3        EV: 16    Int: 12    God:
Gold:   1          SH:  0    Dex: 16    Spells: 1/1 levels left

rFire   . . .      SeeInvis +   a - +2 dagger
rCold   . . .      Faith    .   (no shield)
rNeg    . . .      Spirit   .   b - +0 robe
rPois   .          Reflect  .   (helmet restricted)
rElec   .          Harm     .   c - +0 cloak
rCorr   .          Rampage  .   (gloves unavailable)
Will    .....                   (boots unavailable)
Stlth   ++++......              (no amulet)
HPRegen 0.04/turn               (no ring)
MPRegen 0.08/turn               (no ring)

@: very quick
A: very small, no large weapons, unfitting armour, see invisible, speed 3
a: no special abilities


You were on level 1 of the Dungeon.
You visited 1 branch of the dungeon, and saw 1 of its levels.

You collected 1 gold pieces.

Inventory:

Hand Weapons
 a - a +2 dagger (weapon)
Missiles
 d - 2 poisoned darts (quivered)
 e - 2 curare-tipped darts
 f - 12 stones
Armour
 b - a +0 robe (worn)
 c - a +0 cloak (worn)
Jewellery
 g - a ring of protection from fire


   Skills:
 * Level 1.6 Fighting
 + Level 2.3 Short Blades
 + Level 2.0 Throwing
 * Level 1.7 Dodging
 * Level 7.0 Stealth


You had one spell level left.
You didn't know any spells.
Your spell library was empty.

Dungeon Overview and Level Annotations

Branches:
Dungeon (1/15)

Altars:


Innate Abilities, Weirdness & Mutations

You are very small and have problems with some larger weapons.
You are too small for most types of armour.
You have supernaturally acute eyesight. (SInv)
You cover ground extremely quickly. (Speed+++)


Message History

Throw: 6 darts (poison)
Press: ? - help, Q - select action, (/) - cycle Shift-Dir - straight line, f - jackal
Aim: a jackal (moderately wounded, 53% to hit)
You throw a poisoned dart.
The poisoned dart barely misses the jackal.
The poisoned dart hits the giant cockroach.
The giant cockroach is poisoned.
You kill the giant cockroach!
Your Stealth skill increases to level 7!
Throw: 5 darts (poison)
Press: ? - help, Q - select action, (/) - cycle Shift-Dir - straight line, f/p - jackal
Aim: a jackal (53% to hit)
You throw a poisoned dart. The poisoned dart hits the jackal.
The jackal is poisoned.
A giant cockroach comes into view.
Throw: 4 darts (poison)
Press: ? - help, Q - select action, (/) - cycle Shift-Dir - straight line, f/p - jackal
Aim: a jackal (moderately wounded, poisoned, 53% to hit)
You throw a poisoned dart. The poisoned dart hits the jackal.
The jackal looks even sicker.
The jackal is moderately wounded.
The jackal bites you.
* * * LOW HITPOINT WARNING * * *
The helpless giant cockroach fails to defend itself.
You impale the giant cockroach!!
You kill the giant cockroach!
The jackal bites you.
* * * LOW HITPOINT WARNING * * *
You kill the jackal!
Found an opal ring.
Throw: 3 darts (poison)
Press: ? - help, Q - select action, (/) - cycle Shift-Dir - straight line, f - jackal
Aim: a jackal (53% to hit)
You throw a poisoned dart. The poisoned dart hits the jackal.
The jackal is poisoned.
Unknown command.
You see here a ring of protection from fire.
g - a ring of protection from fire The jackal bites you.
You die...

### ..#
# #.#
#.####.#
#.#....#
#.....@#
###..h.#
##.#.#
#.#.#
#.#.#
#.#.# .#
#(#.#
##.# ##
#.#..
...# #.#
#.###
#...#
#.#


You could see a jackal (poisoned).

Vanquished Creatures
  3 bats (D:1)
  3 endoplasms (D:1)
  2 giant cockroaches (D:1)
  2 goblins (D:1)
  2 hobgoblins (D:1)
  A jackal (D:1)
  2 quokkas (D:1)
  A frilled lizard (D:1)
  3 kobolds (D:1)
19 creatures vanquished.

Notes
Turn   | Place    | Note
-------+----------+-------------------------------------------
     0 | D:1      | styxcanada the Spriggan Brigand began the quest for the
                  | Orb.
     0 | D:1      | Reached XP level 1. HP: 10/10 MP: 2/2
   187 | D:1      | Reached skill level 6 in Stealth
   237 | D:1      | Reached XP level 2. HP: 11/14 MP: 3/3
   335 | D:1      | Found a faded altar of an unknown god.
   390 | D:1      | Reached skill level 7 in Stealth
   419 | D:1      | Slain by a jackal

Illustrated notes

Levels and vault maps discovered:
D:1:      lemuel_arrival_hallway, layout_loops_ring,
          chequers_ecumenical_altar_simple_redux

Skill      XL: |  1  2 |
---------------+-------+-----
Stealth        | 6 7 |  7.0
Fighting       | |  1.6
Short Blades   | |  2.3
Throwing       | |  2.0
Dodging        | |  1.7

Action                   || total
-------------------------++-------
Melee: Dagger            ||    59
Throw: Dart              ||     6
 Stab: Sleeping          ||     6
Armor: Robe              ||    12
Dodge: Dodged            ||    48
